 Dungeon Crawl Stone Soup version 0.32-a0-872-g59262bdc9b (webtiles) character file.

Game seed: 17429626047288576683

25478 Biggs the Marksgoblin (level 13, 0/113 HPs)
             Began as a Coglin Hunter on Mar 30, 2024.
             Was the Champion of Okawaru.
             Slain by a harpy simulacrum (4 damage)
             ... in an ice cave.
             The game lasted 00:29:28 (10543 turns).

Biggs the Marksgoblin (Coglin Hunter)              Turns: 10543, Time: 00:29:29

Health: 0/113      AC: 10    Str:  8    XL:     13   Next: 19%
Magic:  13/13      EV: 13    Int: 17    God:    Okawaru [******]
Gold:   884        SH:  0    Dex: 25    Spells: 12/12 levels left

rFire   + . .        m - +4 sling of Yssigid {freeze, ^Drain rF+ rN++ Dex+2}
rCold   + . .        s - +10 hand cannon of the Asp {penet, Int+8}
rNeg    + + .        J - +3 troll leather armour
rPois   +            e - +1 helmet of the Original Sin {rPois rC+ Str-5 Dex+2}
rElec   .            u - +0 cloak
rCorr   .            (no gloves)
SInv    .            o - +0 pair of boots
Will    .....        (amulet unavailable)
Stlth   ++           (ring unavailable)
HPRegen 1.18/turn    (ring unavailable)
MPRegen 0.13/turn    (no gizmo)

%: no passive effects
@: revved
A: off-hand wielding, slow wielding, warmup strikes, no jewellery
a: Invent Gizmo, Renounce Religion, Heroism, Finesse, Duel


You were in an ice cave.
You worshipped Okawaru.
Okawaru was exalted by your worship.
You visited 3 branches of the dungeon, and saw 13 of its levels.
You also visited: Sewer and Ice Cave.

You collected 884 gold pieces.

Inventory:

Hand Weapons
 m - the +4 sling of Yssigid (weapon) {freeze, ^Drain rF+ rN++ Dex+2}
   (You found it on level 2 of the Dungeon)

   Dex+2:     It affects your dexterity (+2).
   rF+:       It protects you from fire.
   rN++:      It greatly protects you from negative energy.
   ^Drain:    It drains your maximum health when unequipped.
 p - a +2 sling of freezing {Fumito}
 s - the +10 hand cannon of the Asp (offhand) {penet, Int+8}
   (Okawaru gifted it to you on level 2 of the Lair of Beasts)

   Int+8:     It affects your intelligence (+8).
Missiles
 D - 3 throwing nets
Armour
 e - the +1 helmet of the Original Sin (worn) {rPois rC+ Str-5 Dex+2}
   (Okawaru gifted it to you on level 2 of the Lair of Beasts)

   Str-5:     It affects your strength (-5).
   Dex+2:     It affects your dexterity (+2).
   rC+:       It protects you from cold.
   rPois:     It protects you from poison.
 l - a +0 helmet
 o - a +0 pair of boots (worn)
 u - a +0 cloak (worn)
 J - a +3 troll leather armour (worn)
Wands
 v - a wand of quicksilver (12)
 E - a wand of flame (18)
Scrolls
 b - a scroll of butterflies
 c - a scroll of poison {unknown}
 g - 2 scrolls of fear
 h - 4 scrolls of fog
 i - 5 scrolls of immolation
 k - 2 scrolls of amnesia
 t - a scroll of noise
 C - a scroll of vulnerability
 G - a scroll of enchant weapon
 I - 5 scrolls of identify
Potions
 a - 4 potions of mutation
 d - a potion of enlightenment {unknown}
 f - 2 potions of haste {unknown}
 j - 4 potions of brilliance {unknown}
 n - 2 potions of resistance {unknown}
 q - 2 potions of attraction
 r - 4 potions of curing {unknown}
 w - a potion of berserk rage {unknown}
 x - a potion of magic {unknown}
 z - 2 potions of might {unknown}
 A - a potion of cancellation {unknown}
 B - 2 potions of lignification {unknown}
 H - 3 potions of degeneration {unknown}


   Skills:
 + Level 14.3 Fighting
 - Level 15.3 Ranged Weapons
 - Level 4.0 Dodging
 - Level 0.7 Stealth


You had 12 spell levels left.
You didn't know any spells.
Your spell library contained the following spells:

 Spells                   Type           Power      Damage    Failure   Level
 Shock                    Conj/Air       0%         1d3       34%         1
 Blink                    Tloc           0%         N/A       45%         2
 Ensorcelled Hibernation  Hex/Ice        0%         N/A       45%         2
 Lesser Beckoning         Tloc           0%         N/A       45%         2
 Momentum Strike          Conj/Tloc      0%         3d8       45%         2
 Passwall                 Erth           0%         N/A       71%         3
 Swiftness                Air            0%         N/A       71%         3
 Volatile Blastmotes      Fire/Tloc      0%         2d10      71%         3
 Airstrike                Air            0%         2d(0-16)  98%         4
 Fulminant Prism          Conj/Alch      0%         3d5       98%         4
 Iskenderun's Mystic Bla Conj/Tloc 0%             2d3        (+2d1     98%         4


Dungeon Overview and Level Annotations

Branches:
Dungeon (10/15)            Temple (1/1) D:4            Lair (2/5) D:9
  Snake (0/4) Lair:2          Orc (0/2) D:9           Sewer (visited)
  IceCv (1/1)
  Swamp: Lair:2-3    Shoals: Lair:2-3

Altars:
Ashenzari
Cheibriados
Dithmenos
Elyvilon
Fedhas
Gozag
Hepliaklqana
Kikubaaqudgha
Makhleb
Nemelex Xobeh
Okawaru
Qazlal
Ru
Sif Muna
Trog
Uskayaw
Vehumet
Wu Jian
Xom
Yredelemnul
Zin
The Shining One

Portals:
Trove: D:10 (show abyssal rune of Zot)

Annotations:
D:3 1 runed translucent door, ForkInBrain's ghost, weakling SpCA
D:5 2 transporters, 3 runed translucent doors, Rudyous's ghost, amateur DsAE; SegawaOnpu's ghost, novice MfDe
D:7 2 transporters, osoart's ghost, novice DsGl
D:10 Urug


Innate Abilities, Weirdness & Mutations

You can wield a second weapon in your off-hand.
It takes a long time for you to wield or remove held weapons.
Your first few attacks do less damage.
You cannot equip rings or amulets.


Message History

The ice devil closely misses you.
Unknown command.
Fire: m) +4 sling of Yssigid {freeze, ^Drain rF+ rN++ Dex+2}
Press: ? - help, Q - select action, (/) - cycle Shift-Dir - straight line, f/p - ice devil
Aim: an ice devil (almost dead, 76% to hit)
You shoot a sling bullet.
The sling bullet hits the ice devil but does no damage.
The ice devil is almost dead.
You shoot a slug. The slug pierces through the ice devil.
The ice devil is almost dead.
The slug pierces through the ice devil!!
You kill the ice devil!
Okawaru accepts your kill. The ice devil hits you. The ice devil freezes you!
You resist.
* * * LOW HITPOINT WARNING * * *
Fire: m) +4 sling of Yssigid {freeze, ^Drain rF+ rN++ Dex+2}
Press: ? - help, Q - select action, (/) - cycle Shift-Dir - straight line, f - ice devil
Aim: an ice devil (76% to hit)
You shoot a sling bullet. The sling bullet hits the ice devil!
You kill the ice devil!
Okawaru accepts your kill.
You shoot a slug.
The slug pierces through the cane toad simulacrum.
The cane toad simulacrum is moderately damaged.
The slug pierces through the ice devil but does no damage.
The harpy simulacrum claws you.
* * * LOW HITPOINT WARNING * * *
The harpy simulacrum freezes you! You resist.
* * * LOW HITPOINT WARNING * * *
The harpy simulacrum claws you.
* * * LOW HITPOINT WARNING * * *
The harpy simulacrum freezes you. You resist.
* * * LOW HITPOINT WARNING * * *
The harpy simulacrum claws you.
* * * LOW HITPOINT WARNING * * *
The harpy simulacrum freezes you. You resist.
* * * LOW HITPOINT WARNING * * *
The harpy simulacrum claws you.
You die...

##..# ####
###...####≈≈≈
####.......#.#≈≈
#[=..........≈≈≈
#...........##≈≈
########ß........##≈≈
##.°.## ##........###≈
##Z4Z○Z###.....###..##≈
#..###@○#..########..#
#....##○..## ###...##
###...##.## ###....##
.Z.##### ##....### #
Z.Z## ###...### ##
4Z4## ###...### ##.
4Z.Z ##...### ####..
....Z #...## ##.....
._.... #.†### ##....##


You could see an ice devil, a wolf simulacrum, a cane toad simulacrum and a
harpy simulacrum.

Vanquished Creatures
  Harold (D:9)
  2 two-headed ogres
  A death yak (Lair:1)
  Amaemon (D:8)
  2 lindwurms (Lair:1)
  An ugly thing (IceCv)
  Joseph (D:7)
  A gargoyle (D:9)
  An orange demon (D:8)
  5 cane toads
  An unseen horror (D:10)
  A rime drake (D:9)
  8 ice devils (IceCv)
  2 freezing wraiths (IceCv)
  5 komodo dragons
  Psyche (D:8)
  A troll (D:10)
  2 hornets
  5 blink frogs (Lair:1)
  Prince Ribbit (Lair:1)
  A vampire (D:9)
  A shadow (D:9)
  A dire elephant simulacrum (IceCv)
  24 yaks
  2 wraiths (D:9)
  2 wyverns
  4 basilisks
  3 steam dragons
  A vampire mosquito (D:9)
  3 death yak simulacra (IceCv)
  2 harpy simulacra (IceCv)
  3 nagas (Lair:2)
  2 water moccasins (D:7)
  2 acid dragons
  2 sky beasts (D:8)
  4 orc warriors
  3 black bears
  3 ice beasts (D:9)
  An ogre (D:5)
  10 wolves
  3 centaurs
  A phantom (D:5)
  4 kobold brigands
  2 brain worms (Sewer)
  A gnoll sergeant (D:9)
  9 bullfrogs
  A two-headed ogre simulacrum (IceCv)
  2 cane toad simulacra (IceCv)
  7 wights
  13 killer bees
  3 howler monkeys
  A bombardier beetle (D:5)
  11 orc priests
  4 jellies
  Crazy Yiuf (D:3)
  5 hounds
  A sleepcap (D:7)
  Jessica (D:3)
  A gnoll bouda (D:7)
  An iguana (D:6)
  11 orc wizards
  3 troll simulacra (IceCv)
  3 polar bear simulacra (IceCv)
  2 wolf simulacra (IceCv)
  Robin (D:2)
  11 gnolls
  13 adders
  4 river rats (Sewer)
  A shadow imp (D:5)
  A white imp (D:8)
  4 ufetubi
  A dart slug (D:1)
  4 ribbon worms
  30 orcs
  13 ball pythons
  6 endoplasms
  8 giant cockroaches
  12 hobgoblins
  12 jackals
  3 quokkas
  2 bats (D:1)
  2 frilled lizards
  23 goblins
  26 kobolds
  6 rats (Sewer)
391 creatures vanquished.

Notes
Turn   | Place    | Note
-------+----------+-------------------------------------------
     0 | D:1      | Biggs the Coglin Hunter began the quest for the Orb.
     0 | D:1      | Reached XP level 1. HP: 16/16 MP: 1/1
   139 | D:1      | Reached skill level 4 in Ranged Weapons
   139 | D:1      | Reached XP level 2. HP: 22/22 MP: 2/2
   436 | D:1      | Reached XP level 3. HP: 27/27 MP: 3/3
   794 | D:2      | Noticed Robin
   942 | D:2      | Killed Robin
   953 | D:2      | Reached skill level 5 in Ranged Weapons
  1061 | D:2      | Identified the +4 sling of Yssigid {freeze, ^Drain rF+ rN++
                  | Dex+2}
  1119 | D:2      | Reached XP level 4. HP: 33/33 MP: 4/4
  1604 | D:3      | Reached XP level 5. HP: 38/38 MP: 5/5
  1627 | D:3      | Noticed ForkInBrain's ghost (weakling SpCA)
  1647 | D:3      | Found a runed translucent door.
  1666 | D:3      | Noticed Jessica
  1668 | D:3      | Killed Jessica
  1669 | D:3      | Reached skill level 6 in Ranged Weapons
  2010 | D:3      | Reached XP level 6. HP: 44/44 MP: 6/6
  2044 | D:3      | Found a runed translucent door.
  2045 | D:3      | Noticed Crazy Yiuf
  2303 | D:3      | Killed Crazy Yiuf
  2489 | D:4      | Found a bloodstained altar of Trog.
  2636 | D:4      | Found a staircase to the Ecumenical Temple.
  2645 | Temple   | Entered the Ecumenical Temple
  2742 | D:4      | Found a shimmering blue altar of Sif Muna.
  2797 | D:4      | Found an ornate altar of the Wu Jian Council.
  2901 | D:4      | Reached skill level 7 in Ranged Weapons
  2981 | D:4      | Found a shimmering altar of Xom.
  2985 | D:4      | Found a sacrificial altar of Ru.
  3001 | D:4      | Found a hide-covered altar of Uskayaw.
  3142 | D:5      | Entered Level 5 of the Dungeon
  3236 | D:5      | Reached XP level 7. HP: 50/50 MP: 7/7
  3238 | D:5      | Found a transporter.
  3275 | D:5      | Found a transporter.
  3419 | D:5      | Found a runed translucent gate.
  3419 | D:5      | Found a runed translucent gate.
  3420 | D:5      | Found a runed translucent gate.
  3422 | D:5      | Noticed Rudyous's ghost (amateur DsAE)
  3422 | D:5      | Noticed SegawaOnpu's ghost (novice MfDe)
  3472 | D:5      | Found a glowing drain.
  3483 | D:5      | Reached skill level 8 in Ranged Weapons
  3484 | Sewer    | Entered a sewer
  3799 | D:5      | Reached XP level 8. HP: 56/56 MP: 8/8
  4554 | D:6      | Found a basalt altar of Yredelemnul.
  4636 | D:6      | Reached skill level 5 in Fighting
  4832 | D:6      | Reached skill level 9 in Ranged Weapons
  5153 | D:6      | Reached XP level 9. HP: 46/68 MP: 9/9
  5438 | D:7      | Found an iron altar of Okawaru.
  5486 | D:7      | Became a worshipper of Warmaster Okawaru
  5560 | D:7      | Noticed osoart's ghost (novice DsGl)
  5567 | D:7      | Noticed a cyclops
  5716 | D:7      | Found a transporter.
  5717 | D:7      | Found a transporter.
  5734 | D:7      | Reached skill level 10 in Ranged Weapons
  5739 | D:7      | Noticed Joseph
  5747 | D:7      | Killed Joseph
  5747 | D:7      | Reached * piety under Okawaru
  5816 | D:7      | Reached skill level 11 in Ranged Weapons
  5936 | D:7      | Noticed a cyclops
  6078 | D:7      | Found the +7 Throatcutter {drain, coup de grace}
  6189 | D:8      | Noticed Amaemon
  6194 | D:8      | Noticed an orange demon
  6200 | D:8      | Killed Amaemon
  6200 | D:8      | Reached ** piety under Okawaru
  6201 | D:8      | Reached XP level 10. HP: 62/74 MP: 10/10
  6204 | D:8      | Killed an orange demon
  6205 | D:8      | Reached skill level 12 in Ranged Weapons
  6793 | D:8      | Noticed Psyche
  6877 | D:8      | Found a glowing silver altar of Zin.
  6878 | D:8      | Found a glowing golden altar of the Shining One.
  6878 | D:8      | Found a white marble altar of Elyvilon.
  6941 | D:8      | Killed Psyche
  6941 | D:8      | Reached *** piety under Okawaru
  6962 | D:8      | Reached skill level 13 in Ranged Weapons
  7336 | D:9      | Found a staircase to the Orcish Mines.
  7504 | D:9      | Noticed a two-headed ogre
  7513 | D:9      | Reached **** piety under Okawaru
  7518 | D:9      | Killed a two-headed ogre
  7519 | D:9      | Reached skill level 14 in Ranged Weapons
  7519 | D:9      | Reached XP level 11. HP: 47/79 MP: 11/11
  7524 | D:9      | Found an opulent altar of Gozag.
  7711 | D:9      | Found a radiant altar of Vehumet.
  7825 | D:9      | Found a staircase to the Lair.
  8012 | D:9      | Reached skill level 15 in Ranged Weapons
  8084 | D:9      | Reached ***** piety under Okawaru
  8293 | D:9      | Noticed Harold
  8304 | D:9      | Killed Harold
  8664 | D:10     | Entered Level 10 of the Dungeon
  8664 | D:10     | Noticed a two-headed ogre
  8669 | D:10     | Killed a two-headed ogre
  8669 | D:10     | Received a gift from Okawaru
  9011 | D:10     | Found a portal to a secret trove of treasure.
  9105 | D:10     | Noticed Urug
  9157 | Lair:1   | Entered Level 1 of the Lair of Beasts
  9157 | Lair:1   | Noticed a death yak
  9157 | Lair:1   | Noticed a death yak
  9157 | Lair:1   | Noticed a death yak
  9157 | Lair:1   | Noticed a death yak
  9157 | Lair:1   | Noticed a death yak
  9157 | Lair:1   | Noticed a death yak
  9171 | Lair:1   | Noticed Prince Ribbit
  9249 | Lair:1   | Killed Prince Ribbit
  9293 | Lair:1   | Noticed a lindwurm
  9300 | Lair:1   | Reached XP level 12. HP: 91/94 MP: 12/12
  9329 | Lair:1   | Received a gift from Okawaru
  9457 | Lair:1   | Reached skill level 10 in Fighting
  9550 | Lair:1   | Paralysed by a hornet for 2 turns
  9754 | Lair:1   | Killed a death yak
  9942 | Lair:2   | Found a staircase to the Snake Pit.
  9948 | Lair:2   | Reached ****** piety under Okawaru
  9950 | Lair:2   | Acquired the +1 helmet of the Original Sin {rPois rC+ Str-5
                  | Dex+2}
  9950 | Lair:2   | Received a gift from Okawaru
  9962 | Lair:2   | Acquired the +10 hand cannon of the Asp {penet, Int+8}
  9962 | Lair:2   | Received a gift from Okawaru
 10000 | Lair:2   | Received a gift from Okawaru
 10363 | Lair:2   | Found a frozen archway.
 10373 | IceCv    | Entered an ice cave
 10404 | IceCv    | Reached XP level 13. HP: 111/111 MP: 13/13
 10520 | IceCv    | Found an ancient bone altar of Kikubaaqudgha.
 10543 | IceCv    | HP: 4/113 [harpy simulacrum (5)]
 10543 | IceCv    | Slain by a harpy simulacrum

Illustrated notes

Levels and vault maps discovered:
D:1:      spicycebolla_green_bress_n_ham_2, layout_basic, minmay_ruptured
D:2:      cheibrodos_greedy_goblins, layout_rooms, dreamdust_mushroom_princess,
          dreamdust_princess_bridge, minmay_liquid_box, minmay_tromino_v2,
          uniq_robin
D:3:      layout_loops_ring, hellmonk_ghost_happy_afterlife,
          minmay_misc_feat_columns, minmay_quantized, uniq_jessica,
          uniq_crazy_yiuf_cottage
D:4:      layout_basic, mainiacjoe_overflow_catwalk, amcnicky_altar_gilded,
          nicolae_overflow_macrodata_refinement, minmay_temple_entry_sparse_star
D:5:      gammafunk_wand_slinger, layout_cave_pods, gammafunk_ghost_cemetery,
          portal_sewer_entry_f
D:6:      layout_basic, yredelemnul_altar_generic, st_stairs_13,
          grunt_decor_one_mirror
D:7:      layout_loops_ring, lemuel_crystal_altar, nzn_ghost_randoct,
          minmay_misc_feat_ornament, uniq_joseph
D:8:      nicolae_cairo_tiling_large, layout_cave_pools,
          dreamdust_divine_triumvirate, nicolae_concentric_dashed_squares_mild,
          uniq_psyche, uniq_amaemon
D:9:      layout_irregular_city, mainiacjoe_overflow_tiny_flanked,
          mainiacjoe_overflow_boulevard, hellmonk_lair_entry_icy, orc_0_dummy,
          dreamdust_princess_corridor, onia_ninara_cookie, uniq_harold
D:10:     layout_roguey, nicolae_trove_entry_crystal, uniq_urug
Temple:   nicolae_temple_cloud_nine
Lair:1:   layout_hall_layers, nicolae_lair_lindhole, uniq_prince_ribbit2
Lair:2:   layout_gridlike, nicolae_shoals_entry_flooding,
          nicolae_snake_entry_squirm, portal_ice_cave_entry_pillars_1
IceCv:    ice_cave_small_necro

Skill      XL: |  1  2  3  4  5  6  7  8  9 10 11 12 13 |
---------------+----------------------------------------+-----
Ranged Weapons | 4 5 6 7 8 9 11 14 15 | 15.3
Dodging        | 4 |  4.0
Fighting       | 5 8 13 14 | 14.3
Stealth        | |  0.7

Action                     |  1- 3 |  4- 6 |  7- 9 | 10-12 | 13-15 || total
---------------------------+-------+-------+-------+-------+-------++-------
  Melee: Sling             |       |       |    16 |       |       ||    16
   Fire: Sling             |   160 |   208 |   492 |  1064 |    37 ||  1961
         Hand cannon       |       |       |       |    70 |    37 ||   107
 Invoke: Receive Weapon    |       |       |       |     1 |       ||     1
         Receive Armour    |       |       |       |     1 |       ||     1
    Use: Scroll            |       |       |    11 |     7 |       ||    18
         Potion            |       |       |       |     5 |       ||     5
 Armour: Leather armour    |    36 |     8 |    55 |       |       ||    99
         Steam dragon scal |       |       |     5 |    64 |       ||    69
         Troll leather arm |       |       |       |    92 |    16 ||   108
  Dodge: Dodged            |    21 |    10 |    70 |   142 |    15 ||   258

Table legend: (Time is in decaauts)
 A = Elapsed time spent in this place.
 B = Non-inter-level travel time spent in this place.
 C = Inter-level travel time spent in this place.
 D = Time resting spent in this place.
 E = Time spent auto-exploring this place.
 F = Levels seen in this place.
 G = Mean time per level.
                   A        B        C        D        E       F      G
               +--------+--------+--------+--------+--------+-----+--------+
         Total |  10481 |  10045 |    436 |    504 |   7745 |  15 |  698.7 |
       Dungeon |   8808 |   8372 |    436 |    472 |   6646 |  10 |  880.8 |
        Temple |      1 |      1 |      0 |      0 |      0 |   1 |    1.0 |
          Lair |   1178 |   1178 |      0 |     32 |    742 |   2 |  589.0 |
         Sewer |    324 |    324 |      0 |      0 |    256 |   1 |  324.0 |
      Ice Cave |    168 |    168 |      0 |      0 |    100 |   1 |  168.0 |
               +--------+--------+--------+--------+--------+-----+--------+

Top non-repeatable levels by time:
     D:9: 1315 daAuts
     D:8: 1114 daAuts
     D:5: 1078 daAuts
     D:3: 977 daAuts
     D:1: 922 daAuts
     D:6: 918 daAuts
     D:7: 760 daAuts
     D:4: 668 daAuts
  Lair:1: 649 daAuts
     D:2: 602 daAuts
  Lair:2: 528 daAuts
    D:10: 449 daAuts
   Sewer: 324 daAuts
   IceCv: 168 daAuts
  Temple: 1 daAuts
